 Dungeon Crawl Stone Soup version 0.30.0-20-g3615ddf2f0 (webtiles) character file.

Game seed: 8336203734758939311

128 qw the Chopper (level 5, -4/32 HPs)
             Began as a Gargoyle Fighter on May 28, 2023.
             Slain by Grinder (7 damage)
             ... on level 3 of the Dungeon.
             The game lasted 00:01:08 (2052 turns).

qw the Chopper (Gargoyle Fighter)                   Turns: 2052, Time: 00:01:09

Health: -4/32      AC: 10    Str: 21    XL:     5   Next: 11%
Magic:  5/5        EV:  9    Int:  9    God:
Gold:   917        SH:  4    Dex:  9    Spells: 4/4 levels left

rFire   . . .        Y - +0 war axe
rCold   . . .        c - +0 buckler
rNeg    + . .        b - +0 scale mail
rPois   inf          (no helmet)
rElec   +            (no cloak)
rCorr   .            (no gloves)
SInv    .            (no boots)
Will    .....        (no amulet) Stlth
                     (no ring)
HPRegen 0.25/turn    (no ring)
MPRegen 0.09/turn

%: no passive effects
@: no status effects
A: sickness immunity, AC +4, negative energy resistance 1, electricity
resistance, torment resistance 1, petrification resistance
a: no special abilities


You were on level 3 of the Dungeon.
You visited 1 branch of the dungeon, and saw 3 of its levels.

You collected 917 gold pieces.


Innate Abilities, Weirdness & Mutations

You are immune to sickness and miasma.
Your stone body is resilient. (AC +4)
You are immune to poison.
You resist negative energy. (rN+)
You are resistant to electric shocks. (rElec)
You are resistant to unholy torment.
You are immune to petrification.


   Skills:
 - Level 3.2 Fighting
 + Level 4.7 Axes
 - Level 3.2 Armour
 - Level 3.2 Shields


You had 4 spell levels left.
You didn't know any spells.
Your spell library was empty.

Inventory:

Hand Weapons
 f - a +0 whip
 Y - a +0 war axe (weapon)
Armour
 b - a +0 scale mail (worn)
 c - a +0 buckler (worn)
Scrolls
 a - a scroll of enchant armour
 m - a scroll of identify
Potions
 d - a potion of might
 g - a potion of lignification
 h - a potion of berserk rage {unknown}
 i - a potion of mutation {unknown}

Dungeon Overview and Level Annotations

Branches:
Dungeon (3/15)

Altars:

Annotations:
D:3 Grinder


Message History

Enter note:
Enter note:
Enter note: You closely miss the gnoll.
You hit the gnoll. The gnoll hits you but does no damage. The gnoll misses you.
The gnoll hits you with a +0 spear. The gnoll hits you with a +0 club.
You slash the gnoll!
You kill the gnoll!
You barely miss the gnoll. The gnoll hits you with a +0 spear. x2
You hit the gnoll.
The gnoll is lightly wounded.
The gnoll completely misses you. The gnoll closely misses you.
You closely miss the gnoll.
The gnoll is lightly wounded.
You block the gnoll's attack. Grinder gestures at you.
Pain shoots through your body! The gnoll hits you but does no damage.
Grinder gestures at you.
You suddenly lose the ability to move!
The gnoll hits you but does no damage.
Grinder says, "Make like a tree!"
Grinder gestures at you. Pain shoots through your body!
The gnoll hits you with a +0 spear. The gnoll hits you but does no damage.
You can move again.
You barely miss the gnoll.
The gnoll is lightly wounded.
You hit Grinder but do no damage.
The gnoll barely misses you. x2; Grinder closely misses you.
You barely miss the gnoll.
The gnoll is lightly wounded.
You closely miss Grinder. The gnoll barely misses you.
Grinder hits you but does no damage. The gnoll hits you but does no damage.
You slash the gnoll!
The gnoll is almost dead.
You barely miss Grinder. The gnoll hits you but does no damage.
Grinder hits you!
You die...

.#.#.. ..# ..
......###..##... . .#.#..
......... ..
......#......... ...
................ ...
.......#........ ###.
#.....g5........ .... g#
#@%....... ....
....#####......(. ....
... ....g.g...#).......
....> #........
##....##.>.# #.....
....#..# ###...........
...... ...#..#
#...##<#...... #.... .
#.#..###.##..........
##....
.####.............##.....
......
....#....##..............
#...


You could see Grinder and a gnoll (fast).

Vanquished Creatures
  2 gnolls (D:3)
  3 adders
  A worm (D:3)
  5 dart slugs
  2 bats (D:1)
  3 endoplasms
  5 giant cockroaches
  6 goblins
  12 hobgoblins
  7 jackals
  A quokka (D:1)
  3 ball pythons
  6 frilled lizards
  2 kobolds
  4 rats
62 creatures vanquished.

Notes
Turn   | Place    | Note
-------+----------+-------------------------------------------
     0 | D:1      | qw the Gargoyle Fighter began the quest for the Orb.
     0 | D:1      | Reached XP level 1. HP: 14/14 MP: 1/1
     0 | D:1      | 0 ||| qw: Version: 0.2-a-100-g7972860
     0 | D:1      | 0 ||| qw: Game counter: 245
     0 | D:1      | 0 ||| qw: Always use a shield: true
     0 | D:1      | 0 ||| qw: God list: Okawaru
     0 | D:1      | 0 ||| qw: Allow faded altars: false
     0 | D:1      | 0 ||| qw: Do Orc after D:15 true
     0 | D:1      | 0 ||| qw: Do second Lair branch before Depths: true
     0 | D:1      | 0 ||| qw: Lair rune preference: random
     0 | D:1      | 0 ||| qw: Plans: Normal, Zot:1-4, Slime:5, God:TSO, Crypt,
                  | Tomb, Pan, Hells, Abyss, Win
     0 | D:1      | 0 ||| PLANNING D:1-11
    25 | D:1      | Reached skill level 2 in Axes
    58 | D:1      | 58 ||| DROPPING +0 club.
   225 | D:1      | Reached XP level 2. HP: 15/19 MP: 2/2
   298 | D:1      | 298 ||| Stepping ~*~*~tactically~*~*~ (hiding).
   441 | D:1      | Reached skill level 3 in Axes
   455 | D:1      | Reached XP level 3. HP: 23/23 MP: 3/3
   583 | D:1      | Found a faded altar of an unknown god.
  1043 | D:1      | 1043 ||| READING scroll labelled EMPIDIPHOHAI.
  1044 | D:1      | 1044 ||| READING 2 scrolls labelled HOQIX FENLECEU.
  1045 | D:1      | 1045 ||| READING scroll labelled YCUBRO LEUWIGU.
  1045 | D:1      | Identified a scroll of acquirement
  1045 | D:1      | 1045 ||| ACQUIRING 826 gold pieces
  1045 | D:1      | Acquired 826 gold pieces
  1047 | D:1      | 1047 ||| DROPPING scroll of fear.
  1076 | D:2      | 1076 ||| Stepping ~*~*~tactically~*~*~ (hiding).
  1080 | D:2      | 1080 ||| STAIRDANCE
  1095 | D:2      | 1095 ||| Stepping ~*~*~tactically~*~*~ (stealth).
  1244 | D:2      | 1244 ||| Stepping ~*~*~tactically~*~*~ (hiding).
  1361 | D:2      | 1361 ||| Stepping ~*~*~tactically~*~*~ (hiding).
  1368 | D:2      | Reached XP level 4. HP: 26/28 MP: 4/4
  1496 | D:2      | 1496 ||| Stepping ~*~*~tactically~*~*~ (stealth).
  1511 | D:2      | Reached skill level 4 in Axes
  1809 | D:2      | 1809 ||| DROPPING amulet of magic regeneration.
  1810 | D:2      | 1810 ||| READING scroll labelled FISEJE UPIROUL.
  1811 | D:2      | 1811 ||| READING scroll labelled VUIQOH NIDI.
  1812 | D:2      | 1812 ||| READING 3 scrolls labelled IXETINOBEJI.
  1813 | D:2      | 1813 ||| READING scroll labelled WECVUVUANUCH.
  1814 | D:2      | 1814 ||| READING scroll labelled INIOSH WIRY.
  1819 | D:2      | 1819 ||| DRINKING 2 brown potions.
  1820 | D:2      | 1820 ||| READING 2 scrolls of identify.
  1820 | D:2      | 1820 ||| IDENTIFYING smoky brown potion
  1821 | D:2      | 1821 ||| DROPPING potion of magic.
  1841 | D:3      | 1841 ||| STAIRDANCE
  1925 | D:3      | 1925 ||| Stepping ~*~*~tactically~*~*~ (stealth).
  2031 | D:3      | 2031 ||| Stepping ~*~*~tactically~*~*~ (stealth).
  2037 | D:3      | Noticed Grinder
  2043 | D:3      | Reached XP level 5. HP: 23/32 MP: 5/5
  2047 | D:3      | Paralysed by Grinder for 3 turns
  2048 | D:3      | HP: 4/32 [Grinder/nerve-wracking pain (5)]
  2052 | D:3      | Slain by Grinder

Levels and vault maps discovered:
D:1:      psy_arrival_radial02, layout_basic, shapermc_ecumenical_altar_ellora
D:2:      layout_rooms
D:3:      layout_rooms, serial_glass, glass_columns_b, glass_columns_b,
          glass_columns_b, glass_columns_c, glass_columns_c, glass_columns_a,
          uniq_grinder

Skill      XL: |  1  2  3  4 |
---------------+-------------+-----
Axes           | 2 3 4 |  4.7
Fighting       | |  3.2
Armour         | |  3.2
Shields        | |  3.2

Action                     |  1- 3 |  4- 6 || total
---------------------------+-------+-------++-------
  Melee: War axe           |    89 |    84 ||   173
    Use: Scroll            |     3 |     6 ||     9
         Potion            |       |     1 ||     1
 Armour: Scale mail        |    54 |    54 ||   108
  Dodge: Dodged            |    47 |    35 ||    82
  Block: Buckler           |    15 |    15 ||    30

Table legend:
 A = Non-vault XP
 B = Vault XP
 C = Vault XP percentage of total XP
 D = Non-vault monster count
 E = Vault monster count
 F = Vault count percentage of total count
                 A         B        C        D         E       F
            +---------+---------+-------+---------+---------+-------
      Total |     183 |       0 |   0.0 |      62 |       0 |   0.0
            +---------+---------+-------+---------+---------+-------
        D:1 |      45 |       0 |   0.0 |      25 |       0 |   0.0
        D:2 |      69 |       0 |   0.0 |      24 |       0 |   0.0
        D:3 |      69 |       0 |   0.0 |      13 |       0 |   0.0
            +---------+---------+-------+---------+---------+-------
